 Dungeon Crawl Stone Soup version 0.30-a0-779-g7971cf19c3 (webtiles) character file.

Game seed: 12743540903728490780

1556 DEFE the Covered (level 8, -3/54 HPs)
             Began as a Demonspawn Wanderer on Feb 17, 2023.
             Slain by Joseph
             ... wielding a +0 quarterstaff
              (7 damage)
             ... on level 8 of the Dungeon.
             The game lasted 00:04:11 (5304 turns).

DEFE the Covered (Demonspawn Wanderer)              Turns: 5304, Time: 00:04:12

Health: -3/54      AC: 12    Str: 13    XL:     8   Next: 58%
Magic:  0/9        EV: 11    Int: 14    God:
Gold:   320        SH:  0    Dex: 14    Spells: 8/9 levels left

rFire   . . .      SeeInvis .    D - +2 dagger (venom)
rCold   . . .      Faith    .    (no shield)
rNeg    + . .      Spirit   +    g - +0 ring mail
rPois   .          Reflect  .    (no helmet)
rElec   .          Harm     .    v - +0 cloak
rCorr   .          Rampage  .    (no gloves)
Will    .....                    u - +1 pair of boots
Stlth   +                        h - amulet of guardian spirit
HPRegen 0.29/turn                s - ring of positive energy
MPRegen 0.11/turn                (no ring)

@: no status effects
A: yellow scales 1, spiny 1, demonic touch 2
a: no special abilities


You were on level 8 of the Dungeon.
You visited 2 branches of the dungeon, and saw 9 of its levels.

You collected 320 gold pieces.

Inventory:

Hand Weapons
 D - a +2 dagger of venom (weapon)
Missiles
 B - a curare-tipped dart
Armour
 d - a +0 robe
 g - a +0 ring mail (worn)
 u - a +1 pair of boots (worn)
 v - a +0 cloak (worn)
Jewellery
 h - an amulet of guardian spirit (around neck)
 s - a ring of positive energy (left hand)
Wands
 A - a wand of flame (9)
Scrolls
 b - 2 scrolls of fear {unknown}
 c - 2 scrolls of vulnerability
 f - 3 scrolls of torment {unknown}
 i - 5 scrolls of identify {unknown}
 l - a scroll of blinking {unknown}
 m - 2 scrolls of brand weapon {unknown}
 o - 4 scrolls of teleportation {unknown}
 q - a scroll of noise {unknown}
 x - 2 scrolls of fog {unknown}
 y - a scroll of immolation {unknown}
 z - a scroll of enchant armour {unknown}
 C - a scroll of magic mapping {unknown}
Potions
 j - a potion of flight
 k - 3 potions of curing
 n - a potion of berserk rage {unknown}
 p - a potion of mutation {unknown}
 r - 2 potions of cancellation
 t - a potion of heal wounds {unknown}
 w - a potion of brilliance {unknown}


   Skills:
 + Level 1.6 Fighting
 + Level 7.1 Armour
 - Level 1.7 Dodging
 + Level 7.0 Unarmed Combat
 - Level 1.0 Spellcasting
 - Level 2.6 Transmutations


You had 8 spell levels left.
You knew the following spells:

 Your Spells              Type           Power      Damage    Failure   Level
a - Sting                 Tmut/Pois      16%        1d3       28%         1

Your spell library contained the following spells:

 Spells                   Type           Power      Damage    Failure   Level
 Wereblood                Tmut           8%         N/A       26%         2
 Petrify                  Tmut/Erth      4%         N/A       96%         4


Dungeon Overview and Level Annotations

Branches:
Dungeon (9/15)             Temple (1/1) D:6
   Lair: D:8-11         Orc: D:9-12

Altars:
Ashenzari
Cheibriados
Dithmenos
Fedhas
Gozag
Hepliaklqana
Kikubaaqudgha
Makhleb
Nemelex Xobeh
Qazlal
Ru
Sif Muna
Trog
Uskayaw
Vehumet
Wu Jian
Yredelemnul

Shops:
D:4 (

Annotations:
D:6 2 transporters, 3 runed translucent doors, Menkaure; Oxelix's ghost, novice TrBe
D:8 Joseph


Innate Abilities, Weirdness & Mutations

You are partially covered in yellow scales. (AC +2)
You are partially covered in sharp spines.
Your touch may inflict irresistible damage on your foes.


Message History

Unknown command.
It was a potion of flight.
You feel very buoyant.
You fly up into the air.
Joseph hits you with a +0 quarterstaff.
* * * LOW HITPOINT WARNING * * *
A kobold brigand comes into view.
It is wielding a +0 short sword and quivering poisoned darts.
You take 3 damage, and have 15/54 hp.
You now have 1/9 mp.
It was a potion of cancellation.
Your magical effects are unravelling.
You feel magically purged.
You float gracefully downwards.
The howler monkey hoots and howls with incredible vigour!
Joseph hits you with a +0 quarterstaff.
* * * LOW HITPOINT WARNING * * *
A kobold comes into view. It is wielding a +0 club.
The kobold is struck by your spines.
You kill the kobold!
You hear a shout!
You take 4 damage, and have 11/54 hp.
You closely miss Joseph. Joseph hits you but does no damage.
The kobold closely misses you.
A kobold comes into view. It is wielding a +0 short sword.
Unknown command.
You hit Joseph but do no damage.
Joseph looks as sick as possible!
Joseph hits you with a +0 quarterstaff!
* * * LOW HITPOINT WARNING * * *
A howler monkey comes into view.
The kobold misses you.
You take 7 damage, and have 4/54 hp.
You now have 1/9 mp.
Unknown command.
Unknown command.
The howler monkey howls!
You hit Joseph but do no damage.
You touch Joseph!
Joseph closely misses you.
The howler monkey misses you. x2; The kobold barely misses you.
Unknown command.
Unknown command.
You closely miss Joseph.
The howler monkey hoots and howls with incredible vigour! x2
The howler monkey is struck by your spines.
The howler monkey closely misses you. Joseph hits you with a +0 quarterstaff!
You die...

####### ......
#.... #....
.##>...
......@######
###...)@?.:.#
...(..hKh..##.#
.......>......#
###....K...####
#....K...#
#....K...#
....h.....#
......#.##.#
##......# .#


You could see Joseph (extremely poisoned), a kobold brigand, 3 howler monkeys
and 3 kobolds.

Vanquished Creatures
  An orc warrior (D:6)
  An ice beast (D:6)
  A black bear (D:6)
  2 ogres
  A centaur (D:6)
  A kobold brigand (D:6)
  2 necrophages
  3 scorpions (D:5)
  2 hounds
  An orc priest (D:4)
  3 jellies
  4 iguanas
  6 orc wizards
  5 adders
  4 shadow imps
  A white imp (D:6)
  An ufetubus (D:5)
  2 worms
  4 dart slugs
  28 orcs
  6 ball pythons
  6 bats
  7 endoplasms
  2 giant cockroaches
  11 goblins
  4 hobgoblins
  12 kobolds
  2 quokkas
  A frilled lizard (D:3)
  3 rats
127 creatures vanquished.

Notes
Turn   | Place    | Note
-------+----------+-------------------------------------------
     0 | D:1      | DEFE the Demonspawn Wanderer began the quest for the Orb.
     0 | D:1      | DEFE set off with the following items: a +0 dagger, a +0
                  | pair of gloves, a scroll of vulnerability, a +0 robe, a
                  | potion of curing; and the following spell memorised: Sting;
                  | and the following spells available to memorise: Wereblood,
                  | Petrify.
     0 | D:1      | Reached XP level 1. HP: 15/15 MP: 2/2
   174 | D:1      | Gained mutation: Your touch may inflict minor irresistible
                  | damage on your foes. [demonic ancestry]
   174 | D:1      | Reached XP level 2. HP: 21/21 MP: 3/3
   517 | D:2      | Reached XP level 3. HP: 26/26 MP: 4/4
  1188 | D:2      | Reached XP level 4. HP: 30/32 MP: 5/5
  1234 | D:3      | Found a burning altar of Makhleb.
  1604 | D:3      | Gained mutation: Your touch may inflict irresistible damage
                  | on your foes. [demonic ancestry]
  1604 | D:3      | Reached XP level 5. HP: 24/37 MP: 6/6
  1915 | D:3      | Found a shimmering blue altar of Sif Muna.
  2283 | D:4      | Identified the +4 scimitar of Classification {heavy, Will-
                  | rCorr Int+4 Dex+3}
  2461 | D:4      | Reached XP level 6. HP: 40/43 MP: 7/7
  2655 | D:4      | Found Jeghan's Weapon Shop.
  3101 | D:5      | Entered Level 5 of the Dungeon
  3133 | D:5      | Reached skill level 5 in Armour
  3133 | D:5      | Gained mutation: You are partially covered in sharp spines.
                  | [demonic ancestry]
  3133 | D:5      | Reached XP level 7. HP: 44/48 MP: 6/8
  3158 | D:5      | Reached skill level 5 in Unarmed Combat
  4281 | D:6      | Gained mutation: You are partially covered in yellow
                  | scales. (AC +2) [demonic ancestry]
  4281 | D:6      | Reached XP level 8. HP: 53/54 MP: 9/9
  4300 | D:6      | Found a transporter.
  4322 | D:6      | Found a transporter.
  4510 | D:6      | Found a staircase to the Ecumenical Temple.
  4518 | Temple   | Entered the Ecumenical Temple
  4518 | Temple   | Found a transporter.
  4518 | Temple   | Found a transporter.
  4520 | Temple   | Found a transporter.
  4520 | Temple   | Found a transporter.
  4780 | D:6      | Found a basalt altar of Yredelemnul.
  4782 | D:6      | Noticed Menkaure
  4785 | D:6      | Found an ancient bone altar of Kikubaaqudgha.
  5103 | D:6      | Found a runed translucent gate.
  5104 | D:6      | Found a runed translucent gate.
  5104 | D:6      | Found a runed translucent gate.
  5105 | D:6      | Found an opulent altar of Gozag.
  5105 | D:6      | Noticed Oxelix's ghost (novice TrBe)
  5105 | D:6      | Noticed a troll
  5165 | D:6      | You fall into a shaft and drop 3 floors!
  5285 | D:8      | Noticed Joseph
  5304 | D:8      | Slain by Joseph

Illustrated notes

Levels and vault maps discovered:
D:1:      nzn_arrival_crosshair, layout_rooms
D:2:      layout_basic
D:3:      layout_basic, mainiacjoe_overflow_six_doors_small,
          mainiacjoe_overflow_boulevard
D:4:      layout_basic, lemuel_tele_altar, serial_shops, shop, abandoned_shop
D:5:      layout_loops_ring, minmay_misc_feat_five
D:6:      black_bear_nest_1, layout_basic, gammafunk_temple_of_torment,
          minmay_temple_entry_trees, ebering_ghost_gozag
D:8:      layout_basic, mainiacjoe_overflow_surrounded_room, serial_shops,
          nicolae_shop_temple_entry_statues_fountains,
          hellmonk_bongcloud_opening, uniq_erica, uniq_joseph
D:9:      layout_loops_cross
Temple:   hellmonk_temple_divided_pantheon

Skill      XL: |  1  2  3  4  5  6  7  8 |
---------------+-------------------------+-----
Armour         | 2 3 4 5 6 7 |  7.1
Unarmed Combat | 2 3 4 6 7 |  7.0
Fighting       | |  1.6
Dodging        | |  1.7
Spellcasting   | |  1.0
Transmutations | |  2.6

Action                     |  1- 3 |  4- 6 |  7- 9 || total
---------------------------+-------+-------+-------++-------
  Melee: Dagger            |    90 |   132 |   132 ||   354
         Touch             |    13 |    28 |    33 ||    74
         Punch             |     1 |     4 |     6 ||    11
    Use: Potion            |     1 |       |     2 ||     3
 Armour: Ring mail         |    39 |    58 |    54 ||   151
         Robe              |     3 |       |       ||     3
  Dodge: Dodged            |    28 |    54 |    65 ||   147

Table legend: (Time is in decaauts)
 A = Elapsed time spent in this place.
 B = Non-inter-level travel time spent in this place.
 C = Inter-level travel time spent in this place.
 D = Time resting spent in this place.
 E = Time spent auto-exploring this place.
 F = Levels seen in this place.
 G = Mean time per level.
                   A        B        C        D        E       F      G
               +--------+--------+--------+--------+--------+-----+--------+
         Total |   5301 |   5137 |    164 |    779 |   3505 |   9 |  589.0 |
       Dungeon |   5266 |   5111 |    155 |    779 |   3502 |   8 |  658.2 |
        Temple |     34 |     25 |      9 |      0 |      3 |   1 |   34.0 |
               +--------+--------+--------+--------+--------+-----+--------+

Top non-repeatable levels by time:
     D:6: 1288 daAuts
     D:4: 945 daAuts
     D:3: 930 daAuts
     D:5: 739 daAuts
     D:2: 713 daAuts
     D:1: 509 daAuts
     D:9: 119 daAuts
  Temple: 34 daAuts
     D:8: 18 daAuts
